 Dungeon Crawl Stone Soup version 0.22-a0-348-gd16d139 (console) character file.

158 Igxfl the Stinger (level 5, 0/35 HPs)
             Began as a Human Venom Mage on Apr 7, 2018.
             Slain by a gnoll
             ... wielding a +0 spear
              (9 damage)
             ... on level 5 of the Dungeon.
             The game lasted 00:08:16 (1174 turns).

Igxfl the Stinger (Human Venom Mage)                Turns: 1174, Time: 00:08:17

Health: 0/35       AC:  3    Str:  8    XL:     5   Next: 67%
Magic:  2/8        EV: 11    Int: 22    God:
Gold:   85         SH:  0    Dex: 13    Spells: 2/8 levels left

rFire    . . .     SeeInvis .   b - +0 short sword
rCold    . . .     Gourm    .   (no shield)
rNeg     . . .     Faith    .   g - +0 leather armour
rPois    .         Spirit   .   (no helmet)
rElec    .         Reflect  .   (no cloak)
rCorr    .         Harm     .   (no gloves)
MR       .....                  (no boots)
Stlth    ++........             (no amulet)
HPRegen  0.11/turn              (no ring)
MPRegen  0.11/turn              (no ring)

@: brilliant, drained
A: no striking features
a: no special abilities


You were on level 5 of the Dungeon.
You were hungry.

You visited 1 branch of the dungeon, and saw 5 of its levels.

You collected 85 gold pieces.

Inventory:

Hand Weapons
 b - a +0 short sword (weapon)
Armour
 g - a +0 leather armour (worn)
Scrolls
 a - a scroll of identify
Potions
 d - 2 potions of flight
 h - a potion of ambrosia {unknown}
Comestibles
 c - 2 rations


   Skills:
 - Level 2.0(1.4) Dodging
 - Level 2.0(1.4) Stealth
 + Level 2.0(1.5) Spellcasting
 - Level 3.3(2.8) Conjurations
 - Level 2.3(1.8) Air Magic
 - Level 4.0(3.5) Poison Magic


You had 2 spell levels left.
You knew the following spells:

 Your Spells              Type           Power        Failure   Level  Hunger
c - Sting                 Conj/Pois      ####         1%          1    #......
f - Mephitic Cloud        Conj/Pois/Air  ####....     2%          3    ###....
v - Poisonous Vapours     Pois/Air       ####..       1%          2    ###....


Dungeon Overview and Level Annotations

Branches:
Dungeon (5/15)
 Temple: D:4-7

Altars:

Annotations:
D:5 harakhte's ghost, novice TeFi


Message History

Press: ? - help, v - describe, . - travel
Here: a gnoll, wielding an enchanted halberd (lightly wounded)
The floor.
Casting: Poisonous Vapours (safe; 16% risk of failure)
Confirm with . or Enter, or press ? or * to list all spells.
Aiming: Poisonous Vapours (safe; 16% risk of failure)
Press: ? - help, Dir - move target cursor, f/p - gnoll
Aim: a gnoll, wielding an enchanted halberd (lightly wounded) Poisonous vapours surround the gnoll!
The gnoll barely misses you.
The gnoll is engulfed in poison gas.
The gnoll is poisoned.
The gnoll hits you with an enchanted halberd.
The gnoll hits you from afar with a spear.
The gnoll shaman hits you with a club!
* * * LOW HITPOINT WARNING * * *
An adder comes into view.
It was a potion of brilliance.
You feel clever all of a sudden.
The adder hisses angrily.
The gnoll hits you from afar with a spear!
You die...

############
######
#ggg@gg.....
......
#S##########
#######
#......
#......
+......
#......
#......
#......
#......


You could see a gnoll shaman, 4 gnolls and an adder.

Vanquished Creatures
  A scorpion (D:4)
  An orc wizard (D:4)
  A worker ant (D:4)
  2 adders
  An ooze (D:4)
  An adder zombie (D:4)
  A dart slug (D:2)
  A leopard gecko (D:4)
  3 orcs (D:4)
  2 giant cockroaches
  A goblin (D:2)
  2 hobgoblins
  8 jackals
  2 frilled lizards (D:4)
  2 kobolds
  A rat (D:1)
30 creatures vanquished.

Notes
Turn   | Place    | Note
-------+----------+-------------------------------------------
     0 | D:1      | Igxfl the Human Venom Mage began the quest for the Orb.
     0 | D:1      | Reached XP level 1. HP: 13/13 MP: 3/3
   141 | D:2      | Reached XP level 2. HP: 9/19 MP: 0/5
   159 | D:2      | Learned a level 2 spell: Poisonous Vapours
   241 | D:3      | Reached XP level 3. HP: 14/24 MP: 3/6
   372 | D:3      | Learned a level 3 spell: Mephitic Cloud
   461 | D:4      | Identified Gilojiv's Catalogue of Ignition and Dislocation
   485 | D:4      | Reached skill level 1 in Air Magic
   485 | D:4      | Reached XP level 4. HP: 18/30 MP: 2/7
   772 | D:4      | Reached XP level 5. HP: 22/35 MP: 1/8
  1004 | D:4      | Reached skill level 4 in Poison Magic
  1034 | D:5      | Entered Level 5 of the Dungeon
  1132 | D:5      | Noticed harakhte's ghost (novice TeFi)
  1174 | D:5      | Slain by a gnoll

Vault maps used:
D:1:      grunt_arrival_crossed_arrows
D:2:      hangedman_abyss_or_decor_stabs, hangedman_abyss_or_decor_lesser_grid
D:3:      uniq_jessica
D:4:      first_ration, st_stairs_5, trog_book
D:5:      lightli_sewer_entry_pipes

Skill      XL: |  1  2  3  4  5 |
---------------+----------------+-----
Conjurations   | 2 3 |  3.3
Air Magic      | 1 2 |  2.3
Poison Magic   | 4 |  4.0
Dodging        | |  2.0
Stealth        | |  2.0
Spellcasting   | |  2.0

Action                   |  1- 3 |  4- 6 || total
-------------------------+-------+-------++-------
Melee: Short sword       |    19 |    61 ||    80
 Cast: Sting             |    31 |     2 ||    33
       Poisonous Vapours |     1 |    16 ||    17
       Mephitic Cloud    |       |     1 ||     1
  Use: Scroll            |     2 |       ||     2
       Potion            |       |     2 ||     2
 Stab: Sleeping          |       |     3 ||     3
  Eat: Chunk             |       |     2 ||     2
Armor: Robe              |     2 |     3 ||     5
       Leather armour    |       |    14 ||    14
Dodge: Dodged            |    23 |    48 ||    71

Table legend:
 A = Spawn XP
 B = Non-spawn XP
 C = Spawn XP percentage of total XP
 D = Spawn monster count
 E = Non-spawn monster count
 F = Spawn count percentage of total count
 G = Total turns spent on level
                    A         B        C        D         E        F      G
               +---------+---------+-------+---------+---------+-------+---------
         Total |       0 |     227 |   0.0 |       0 |      30 |   0.0 |  1174
               +---------+---------+-------+---------+---------+-------+---------
           D:1 |       0 |       4 |   0.0 |       0 |       3 |   0.0 |    95
           D:2 |       0 |      23 |   0.0 |       0 |       5 |   0.0 |   139
           D:3 |       0 |      24 |   0.0 |       0 |       6 |   0.0 |   221
           D:4 |       0 |     176 |   0.0 |       0 |      16 |   0.0 |   595
               +---------+---------+-------+---------+---------+-------+---------
